 Seeded DCSS version 0.30-a0-953-g5f1da4a474 (webtiles) character file.

Game seed: 2795554834527330743 (custom seed)

474 mistaj the Trooper (level 7, -3/45 HPs)
             Began as a Gargoyle Gladiator on Mar 29, 2023.
             Slain by a yak (11 damage)
             ... on level 4 of the Dungeon.
             The game lasted 00:06:08 (3739 turns).

mistaj the Trooper (Gargoyle Gladiator)             Turns: 3739, Time: 00:06:09

Health: -3/45      AC: 13    Str: 20    XL:     7   Next: 10%
Magic:  7/7        EV:  9    Int:  8    God:
Gold:   233        SH:  7    Dex: 11    Spells: 6/6 levels left

rFire   . . .      SeeInvis .    a - +0 long sword (venom)
rCold   . . .      Faith    .    g - +0 kite shield
rNeg    + . .      Spirit   .    o - +1 ring mail
rPois   ∞          Reflect  .    p - +2 helmet
rElec   +          Rampage  .    (no cloak)
rCorr   .                        (no gloves)
Will    .....                    (no boots)
Stlth   +                        (no amulet)
HPRegen 0.27/turn                b - +4 ring of slaying
MPRegen 0.10/turn                (no ring)

@: no status effects
A: sickness immunity, AC +4, negative energy resistance 1, electricity
resistance, torment resistance 1, petrification resistance
a: no special abilities


You were on level 4 of the Dungeon.
You visited 1 branch of the dungeon, and saw 5 of its levels.

You collected 233 gold pieces.

Inventory:

Hand Weapons
 a - a +0 long sword of venom (weapon)
Missiles
 d - 3 throwing nets (quivered)
 e - a javelin
Armour
 g - a +0 kite shield (worn)
 o - a +1 ring mail (worn)
 p - a +2 helmet (worn)
Jewellery
 b - a +4 ring of slaying (left hand)
 n - an amulet of reflection
Scrolls
 f - 6 scrolls of teleportation
 h - a scroll of identify
 k - a scroll of vulnerability
Potions
 c - 3 potions of curing {unknown}
 i - a potion of berserk rage
 j - 2 potions of heal wounds
 l - a potion of magic
 m - a potion of mutation {unknown}
 q - 2 potions of resistance {unknown}
 r - a potion of lignification


   Skills:
 + Level 5.7 Fighting
 + Level 5.2 Long Blades
 - Level 1.7 Throwing
 - Level 2.4 Dodging
 + Level 1.7 Shields


You had 6 spell levels left.
You didn't know any spells.
Your spell library was empty.

Dungeon Overview and Level Annotations

Branches:
Dungeon (5/15)
 Temple: D:4-7

Altars:
Xom

Shops:
D:1 (   D:2 ::[(*

Annotations:
D:2 1 runed translucent door, Crazy Yiuf


Innate Abilities, Weirdness & Mutations

You are immune to sickness and miasma.
Your stone body is resilient. (AC +4)
You are immune to poison.
You resist negative energy. (rN+)
You are resistant to electric shocks. (rElec)
You are resistant to unholy torment.
You are immune to petrification.


Message History

Your Shields skill increases to level 1!
You have reached level 7!
You start resting.
HP restored.
You start waiting.
Done waiting.
You climb downwards.
There is a stone staircase leading up here.
A yak comes into view.
The yak bellows!
A yak comes into view. x2
The yak moves out of view.
A scorpion comes into view.
The yak bellows!
There is a stone staircase leading up here.
The yak bellows!
The yak gores you.
You climb upwards.
There is a stone staircase leading down here.
You hit the yak.
The yak is poisoned.
The yak is lightly wounded.
The yak gores you!
You hit the yak.
The yak looks as sick as possible!
The yak is moderately wounded.
The yak gores you. x2
You barely miss the yak.
The yak is heavily wounded.
The yak gores you!
You are too injured to fight recklessly!
You are too injured to fight recklessly!
You are too injured to fight recklessly!
The yak attacks as you move away! You block the yak's attack.
You hit the yak but do no damage.
The yak looks as sick as possible!
The yak is severely wounded.
The yak gores you!
* * * LOW HITPOINT WARNING * * *
You barely miss the yak.
The yak is almost dead.
The yak gores you!
You die...

#..###.######.#..#..#.#
# ######..#
#........##'#'##.# #
........#
######...#⌠....#.# #
######### #.#.#8....'.#
# #.#.#⌠....#.######
#>#.#######.......
#...........######
#Y#####.##### # #@# ##.#
# ###### #.# #..# #
#....###########.####.##
#
#.##..................#
#
.................##.###
#######
#.####.###.####..##.#
####...... #.# #.# #.#
#..##.# #......... #.#
#.# #.# #..##.##
#.##.##### #.# #.# #.#
#..#...###.##.# #.


You could see a yak (extremely poisoned).

Vanquished Creatures
  A yak (D:4)
  A phantom (D:4)
  A scorpion (D:4)
  Robin (D:3)
  4 gnolls (D:4)
  6 adders (D:2)
  3 dart slugs
  An orc (D:4)
  A bat (D:1)
  9 endoplasms
  5 giant cockroaches
  12 goblins
  5 hobgoblins
  4 jackals (D:3)
  8 kobolds
  A quokka (D:3)
  2 training dummies (D:4)
  12 ball pythons
  A frilled lizard (D:3)
  6 rats
84 creatures vanquished.

Vanquished Creatures (others)
  A fungus (D:2)
1 creature vanquished.

Grand Total: 85 creatures vanquished

Notes
Turn   | Place    | Note
-------+----------+-------------------------------------------
     0 | D:1      | mistaj the Gargoyle Gladiator began the quest for the Orb.
     0 | D:1      | Reached XP level 1. HP: 12/12 MP: 1/1
   337 | D:1      | Reached XP level 2. HP: 13/18 MP: 2/2
   365 | D:1      | Found Rerru's Weapon Shoppe.
   981 | D:2      | Reached XP level 3. HP: 23/23 MP: 3/3
  1051 | D:2      | Found a runed translucent door.
  1052 | D:2      | Noticed Crazy Yiuf
  1116 | D:2      | Found a shimmering altar of Xom.
  1184 | D:2      | Found Saetipp's Book Emporium.
  1260 | D:2      | Reached XP level 4. HP: 26/28 MP: 4/4
  1429 | D:2      | Found Kiunotsa's General Store.
  1470 | D:2      | Found a faded altar of an unknown god.
  1680 | D:2      | Found Cebuxiuv's Antique Armour Shop.
  1698 | D:2      | Found Hodghagut's Weapon Shoppe.
  1729 | D:2      | Found Owas's Book Emporium.
  2072 | D:3      | Noticed Robin
  2097 | D:3      | Killed Robin
  2103 | D:3      | Reached XP level 5. HP: 19/33 MP: 5/5
  2850 | D:4      | Noticed a phantom
  2881 | D:4      | Killed a phantom
  2882 | D:4      | Reached skill level 5 in Fighting
  2882 | D:4      | Reached XP level 6. HP: 18/40 MP: 6/6
  3540 | D:5      | Entered Level 5 of the Dungeon
  3551 | D:5      | Noticed a yak
  3573 | D:4      | Killed a yak
  3574 | D:4      | Reached skill level 5 in Long Blades
  3574 | D:4      | Reached skill level 1 in Shields
  3574 | D:4      | Reached XP level 7. HP: 41/45 MP: 7/7
  3700 | D:5      | Noticed a yak
  3700 | D:5      | Noticed a yak
  3700 | D:5      | Noticed a yak
  3739 | D:4      | Slain by a yak

Illustrated notes

Levels and vault maps discovered:
D:1:      zelgadis_glass_arrival_large, layout_basic, serial_shops,
          nicolae_shop_bloodbath_and_beyond
D:2:      layout_basic, serial_shops, nicolae_shop_stone, nicolae_shop_crystal,
          nicolae_lakefront_shop, shop, nicolae_shop_behind_doors, basic_altar,
          shapermc_ecumenical_altar_gd, chequers_serial_rivers_micro_d,
          st_stairs_12, serial_park_tiny_1, grunt_decor_cap, serial_park_tiny_1,
          hangedman_decor_growths, reono_crystal_passage, serial_bayou_pond_d,
          uniq_crazy_yiuf_cottage
D:3:      layout_basic, uniq_robin
D:4:      dreamdust_elfheim, layout_loops_ring
D:5:      layout_rooms, kennysheep_mini_moat, minmay_temple_entry_grid,
          sigmund_army

Skill      XL: |  1  2  3  4  5  6 |
---------------+-------------------+-----
Long Blades    | 3 4 5 |  5.2
Fighting       | 3 4 5 |  5.7
Shields        | 1 |  1.7
Throwing       | |  1.7
Dodging        | |  2.4

Action                     |  1- 3 |  4- 6 |  7- 9 || total
---------------------------+-------+-------+-------++-------
  Melee: Long sword        |    95 |   192 |     5 ||   292
         Punch             |     1 |     3 |       ||     4
    Use: Scroll            |       |    13 |       ||    13
   Stab: Sleeping          |     1 |       |       ||     1
 Armour: Leather armour    |    39 |    40 |       ||    79
         Ring mail         |       |    65 |       ||    65
  Dodge: Dodged            |    61 |   157 |       ||   218
  Block: Kite shield       |       |     3 |     1 ||     4

Table legend: (Time is in decaauts)
 A = Elapsed time spent in this place.
 B = Non-inter-level travel time spent in this place.
 C = Inter-level travel time spent in this place.
 D = Time resting spent in this place.
 E = Time spent auto-exploring this place.
 F = Levels seen in this place.
 G = Mean time per level.
                   A        B        C        D        E       F      G
               +--------+--------+--------+--------+--------+-----+--------+
         Total |   3805 |   3663 |    142 |    679 |   2021 |   5 |  761.0 |
       Dungeon |   3805 |   3663 |    142 |    679 |   2021 |   5 |  761.0 |
               +--------+--------+--------+--------+--------+-----+--------+

Top non-repeatable levels by time:
     D:2: 1027 daAuts
     D:4: 974 daAuts
     D:1: 911 daAuts
     D:3: 824 daAuts
     D:5: 68 daAuts
